cohdb
Replays
Latest Replays
All Replays
Popular Replays
Top Player Replays
Match Explorer
How It Works
Community
CoH3 Stats
Reddit
Sign in to upload your games and track your stats! →
Sign in with Steam
Match 39383810
Unlisted
Match 39383810
Overview
Messages
Build Orders
End
Royal Engineer Section
Selects Air and Sea Battlegroup
Royal Engineer Section
Royal Engineer Section
Construct Section Command Post
Infantry Section
Selects Supply Surplus
Construct Resource Cache
Construct Resource Cache
Construct Field Infirmary
Construct Platoon Command Post
Selects Commando Section Paradrop
Unlock M3 Stuart Light Tanks
M3 Stuart Light Tank
Selects M1 Pack Howitzer Paradrop
Forward Retreat Point
『BlackBear』
hellofr13nd
Laevateinn
Demi
0
0
Comments
sign in to comment!
No comments posted yet!